 Dungeon Crawl Stone Soup version 0.30-a0-359-gd0147acb1a (webtiles) character file.

Game seed: 14539105099191500497

124 LnG the Sneak (level 5, 0/28 HPs)
             Began as a Kobold Summoner on Nov 12, 2022.
             Constricted to death by a ball python (1 damage)
             ... on level 3 of the Dungeon.
             The game lasted 00:04:50 (2359 turns).

LnG the Sneak (Kobold Summoner)                     Turns: 2359, Time: 00:04:51

Health: 0/28       AC:  2    Str:  6    XL:     5   Next: 30%
Magic:  8/8        EV: 12    Int: 18    God:
Gold:   45         SH:  0    Dex: 15    Spells: 2/8 levels left

rFire   . . .      SeeInvis .    f - +2 dagger (speed)
rCold   . . .      Faith    .    (no shield)
rNeg    . . .      Spirit   .    a - +0 robe
rPois   .          Reflect  .    (no helmet)
rElec   .          Harm     .    (no cloak)
rCorr   .          Rampage  .    (no gloves)
Will    .....                    (no boots)
Stlth   ++++......               (no amulet)
HPRegen 0.24/turn                (no ring)
MPRegen 0.11/turn                (no ring)

@: constricted
A: small, no large weapons, nightstalker 3
a: no special abilities


You were on level 3 of the Dungeon.
You visited 1 branch of the dungeon, and saw 3 of its levels.

You collected 45 gold pieces.

Inventory:

Hand Weapons
 c - a +0 dagger of protection
 f - a +2 dagger of speed (weapon)
Armour
 a - a +0 robe (worn)
Scrolls
 d - a scroll of teleportation
 e - a scroll of fear
 j - 2 scrolls of magic mapping {unknown}
 k - a scroll of immolation {unknown}
 l - a scroll of poison {unknown}
 m - a scroll of amnesia {unknown}
Potions
 b - 2 potions of magic
 g - a potion of brilliance {unknown}
 h - a potion of attraction {unknown}
 i - a potion of lignification {unknown}
 n - a potion of berserk rage {unknown}


   Skills:
 + Level 0.3 Fighting
 + Level 1.5 Short Blades
 * Level 3.0 Dodging
 * Level 5.4 Stealth
 + Level 2.3 Spellcasting
 + Level 4.6 Summonings


You had 2 spell levels left.
You knew the following spells:

 Your Spells              Type           Power      Damage    Failure   Level
a - Summon Small Mammal   Summ           72%        N/A       2%          1
b - Call Imp              Summ           18%        N/A       4%          2
c - Call Canine Familiar  Summ           18%        N/A       8%          3

Your spell library contained the following spells:

 Spells                   Type           Power      Damage    Failure   Level
 Necrotise                Necr           8%         1d4       19%         1
 Sting                    Tmut/Pois      8%         1d3       19%         1
 Poisonous Vapours        Pois/Air       4%         N/A       26%         2
 Summon Guardian Golem    Hex/Summ       10%        N/A       21%         3
 Vampiric Draining        Necr           2%         2d6       47%         3
 Summon Lightning Spire   Summ/Air       10%        N/A       56%         4
 Olgreb's Toxic Radiance  Pois           2%         N/A       87%         4
 Agony                    Necr           2%         N/A       99%         5


Dungeon Overview and Level Annotations

Branches:
Dungeon (3/15)

Altars:
Zin


Innate Abilities, Weirdness & Mutations

You are small and have problems with some larger weapons.
You are completely attuned to the shadows.


Message History

You hit the kobold.
You kill the kobold!
Found a stone staircase leading down.
You see here a +0 club.
You see here a +1 short sword of venom.
Magic restored.
Your hound disappears in a puff of smoke!
There is an escape hatch in the ceiling here.
Found an escape hatch in the floor.
An orc comes into view. It is wielding a +0 hand axe.
An orc comes into view. It is wielding a +0 short sword.
A ball python and an orc priest come into view.
The helpless orc fails to defend itself.
You impale the orc!!
You kill the orc!
An orc comes into view. It is wielding a +0 short sword.
The orc closely misses you.
The orc priest shouts!
The orc priest attacks as you move away!
The orc priest hits you with a +0 club.
The ball python hisses angrily.
You hear a shout!
The orc priest casts a cantrip, but nothing happens.
The ball python closely misses you. The ball python grabs you.
The ball python constricts you.
You escape the ball python's grasp.
The orc attacks as you move away! The orc hits you with a +0 short sword.
The orc attacks as you move away! The orc closely misses you.
There is an escape hatch in the floor here.
The ball python attacks as you move away!
The ball python completely misses you. x2; The orc completely misses you.
The ball python attacks as you move away!
The ball python bites you.
The orc priest calls down the wrath of Beogh upon you.
Beogh smites you!
The orc priest invokes the aid of Beogh against you.
Beogh smites you!
* * * LOW HITPOINT WARNING * * *
The ball python misses you. The ball python grabs you.
The ball python constricts you.
You die...

#.........#........
#...)..............
....................
##.....>............
#.....o..[####....<
#####o....####..[..
####### #...............
#.....# #So.....###.....
#.....####@.......##.....
#........................
#........###...##..##....
#.....##...##.####.# ..##
#####.####.........# ..#
#.# ####.###... #.#
#.#######...##...
#.............
####..........


You could see an orc priest, 2 orcs and a ball python.

Vanquished Creatures
  6 adders
  2 dart slugs (D:2)
  An orc (D:3)
  5 endoplasms
  A giant cockroach (D:2)
  2 goblins
  6 hobgoblins
  8 jackals (D:1)
  3 quokkas
  5 ball pythons
  4 bats
  2 frilled lizards (D:1)
  9 kobolds
  4 rats
58 creatures vanquished.

Vanquished Creatures (collateral kills)
  An endoplasm (D:2)
  A hobgoblin (D:1)
  A jackal (D:1)
  A ball python (D:2)
  A goblin (D:2)
5 creatures vanquished.

Grand Total: 63 creatures vanquished

Notes
Turn   | Place    | Note
-------+----------+-------------------------------------------
     0 | D:1      | LnG the Kobold Summoner began the quest for the Orb.
     0 | D:1      | Reached XP level 1. HP: 10/10 MP: 3/3
   217 | D:1      | Reached skill level 3 in Stealth
   217 | D:1      | Reached XP level 2. HP: 15/15 MP: 5/5
   222 | D:1      | Learned a level 2 spell: Call Imp
   455 | D:1      | Reached XP level 3. HP: 19/19 MP: 6/6
   719 | D:1      | Reached skill level 1 in Short Blades
   991 | D:2      | Reached skill level 4 in Stealth
   991 | D:2      | Reached XP level 4. HP: 24/24 MP: 7/7
  1218 | D:2      | Found a glowing silver altar of Zin.
  1719 | D:2      | Reached skill level 5 in Stealth
  1719 | D:2      | Reached XP level 5. HP: 28/28 MP: 8/8
  1750 | D:2      | Learned a level 3 spell: Call Canine Familiar
  2359 | D:3      | HP: 1/28 [orc priest/divine providence (10)]
  2359 | D:3      | Constricted to death by a ball python

Illustrated notes

Levels and vault maps discovered:
D:1:      dpeg_arrival_houses_and_road, layout_loops_ring, serial_forest,
          infiniplex_forest_clump_tiny, infiniplex_forest_end_2,
          infiniplex_forest_fountain, infiniplex_forest_clump_C
D:2:      minmay_razor_zed, layout_basic, basic_altar, hangedman_decor_push
D:3:      layout_rooms, shapermc_ecumenical_altar_pompeii,
          kennysheep_generic_room_3

Skill      XL: |  1  2  3  4  5 |
---------------+----------------+-----
Stealth        | 3 4 5 |  5.4
Short Blades   | 1 |  1.5
Dodging        | 3 |  3.0
Fighting       | |  0.3
Spellcasting   | |  2.3
Summonings     | |  4.6

Action                   |  1- 3 |  4- 6 || total
-------------------------+-------+-------++-------
Melee: Dagger            |    72 |    81 ||   153
       Punch             |     1 |       ||     1
 Cast: Summon Small Mamm |     4 |     3 ||     7
       Call Imp          |     2 |     3 ||     5
       Call Canine Famil |       |     1 ||     1
  Use: Scroll            |       |     2 ||     2
 Stab: Sleeping          |    14 |    13 ||    27
       Distracted        |       |     1 ||     1
Armor: Robe              |    10 |     6 ||    16
Dodge: Dodged            |    36 |    53 ||    89

Table legend: (Time is in decaauts)
 A = Elapsed time spent in this place.
 B = Non-inter-level travel time spent in this place.
 C = Inter-level travel time spent in this place.
 D = Time resting spent in this place.
 E = Time spent auto-exploring this place.
 F = Levels seen in this place.
 G = Mean time per level.
                   A        B        C        D        E       F      G
               +--------+--------+--------+--------+--------+-----+--------+
         Total |   2307 |   2274 |     33 |      0 |   1916 |   3 |  769.0 |
       Dungeon |   2307 |   2274 |     33 |      0 |   1916 |   3 |  769.0 |
               +--------+--------+--------+--------+--------+-----+--------+

Top non-repeatable levels by time:
     D:2: 1375 daAuts
     D:1: 813 daAuts
     D:3: 118 daAuts
